 Dungeon Crawl Stone Soup version 0.30-a0-174-gbc10bd73c2 (webtiles) character file.

Game seed: 11474263358569968887

72 qw the Chopper (level 4, -4/28 HPs)
             Began as a Gargoyle Fighter on Oct 1, 2022.
             Slain by Sigmund
             ... wielding a +0 scythe
              (6 damage)
             ... on level 3 of the Dungeon.
             The game lasted 00:00:46 (2031 turns).

qw the Chopper (Gargoyle Fighter)                   Turns: 2031, Time: 00:00:46

Health: -4/28      AC: 12    Str: 21    XL:     4   Next: 25%
Magic:  4/4        EV:  7    Int:  9    God:
Gold:   124        SH:  4    Dex:  9    Spells: 3/3 levels left

rFire   . . .      SeeInvis .    Y - +0 war axe
rCold   . . .      Faith    .    c - +0 buckler
rNeg    + + .      Spirit   .    k - +0 chain mail
rPois   inf        Reflect  .    (no helmet)
rElec   +          Harm     .    (no cloak)
rCorr   .          Rampage  .    (no gloves)
Will    .....                    (no boots)
Stlth   ..........               (no amulet)
HPRegen 0.24/turn                f - ring of positive energy
MPRegen 0.09/turn                (no ring)

@: no status effects
A: sickness immunity, AC +3, negative energy resistance 1, electricity
resistance, torment resistance 1, petrification resistance
a: no special abilities


You were on level 3 of the Dungeon.
You visited 1 branch of the dungeon, and saw 3 of its levels.

You collected 124 gold pieces.


Innate Abilities, Weirdness & Mutations

You are immune to sickness and miasma.
Your stone body is resilient. (AC +3)
You are immune to poison.
You resist negative energy. (rN+)
You are resistant to electric shocks. (rElec)
You are resistant to unholy torment.
You are immune to petrification.


   Skills:
 - Level 3.2 Fighting
 + Level 3.7 Axes
 - Level 1.0 Throwing
 - Level 3.2 Armour
 - Level 3.2 Shields


You had 3 spell levels left.
You didn't know any spells.
Your spell library was empty.

Inventory:

Hand Weapons
 i - the +11 hammer of Ravage {vorpal, Dex+3}
   (You took it off a hobgoblin on level 2 of the Dungeon)

   It inflicts extra damage upon your enemies.
   Dex:       It affects your dexterity (+3).
 Y - a +0 war axe (weapon)
Missiles
 j - 6 javelins (quivered)
Armour
 c - a +0 buckler (worn)
 k - a +0 chain mail (worn)
Jewellery
 f - a ring of positive energy (left hand)
Scrolls
 a - a scroll of identify
 b - a scroll of vulnerability {unknown}
Potions
 d - a potion of might
 e - a potion of curing
 g - 2 potions of cancellation {unknown}
 h - a potion of magic {unknown}

Dungeon Overview and Level Annotations

Branches:
Dungeon (3/15)

Altars:
Sif Muna

Annotations:
D:2 1 runed translucent door, Crazy Yiuf
D:3 Sigmund


Message History

You hit Sigmund.
Sigmund is heavily wounded.
Sigmund closely misses you.
You barely miss Sigmund.
Sigmund is heavily wounded.
Sigmund says, "Your kind have come here before.
I understand now why.
You desire death..."
Sigmund hits you with a +0 scythe.
You hit Sigmund but do no damage.
Sigmund is heavily wounded.
Sigmund casts a spell at you. The puff of flame hits you!
You closely miss Sigmund.
Sigmund is heavily wounded.
Sigmund gestures at you while chanting.
The puff of flame hits you but does no damage.
You barely miss Sigmund.
Sigmund is heavily wounded.
Sigmund casts a spell at you.
The magic dart hits you but does no damage.
You block Sigmund's attack.
You hit Sigmund.
Sigmund is heavily wounded.
Sigmund hits you with a +0 scythe.
You closely miss Sigmund.
Sigmund is heavily wounded.
You closely miss Sigmund.
Sigmund is heavily wounded.
Sigmund hits you but does no damage.
You hit Sigmund.
Sigmund is severely wounded.
Sigmund screams, "Don't try to resist!"
Sigmund gestures wildly while chanting.
Sigmund flickers and vanishes!
Deactivating autopickup; reactivate with Ctrl-A.
You hear some strange, mumbled words.
A puff of flame appears from out of thin air!
The puff of flame hits you!
You closely miss something. Something hits you.
You die...

####### #.....#
#.=...# #########
#.....# #......(#
#.....# #.......#
#....{#####.......#
#....@..........<.##
#.....#####........###
#.....# #......%<....[
#.....# #.#...........
#.....##..#...#######.
####.##..##...# ##
#....# #...# # #>.###
#...# ## #..# #...###
##.


There were no monsters in sight!

Vanquished Creatures
  Terence (D:3)
  An adder (D:2)
  A worm (D:3)
  A dart slug (D:3)
  4 ball pythons
  6 bats
  4 endoplasms (D:1)
  3 goblins
  3 hobgoblins
  2 quokkas
  3 frilled lizards
  2 kobolds
  2 rats (D:2)
33 creatures vanquished.

Vanquished Creatures (others)
  2 fungi (D:2)
2 creatures vanquished.

Grand Total: 35 creatures vanquished

Notes
Turn   | Place    | Note
-------+----------+-------------------------------------------
     0 | D:1      | qw the Gargoyle Fighter began the quest for the Orb.
     0 | D:1      | Reached XP level 1. HP: 14/14 MP: 1/1
     0 | D:1      | 0 ||| qw: Version: 0.2-a-13-gfc7b4b4
     0 | D:1      | 0 ||| qw: Game counter: 1920
     0 | D:1      | 0 ||| qw: Always use a shield: true
     0 | D:1      | 0 ||| qw: God list: Okawaru
     0 | D:1      | 0 ||| qw: Allow faded altars: false
     0 | D:1      | 0 ||| qw: Do Orc after D:15 true
     0 | D:1      | 0 ||| qw: Do second Lair branch before Depths: true
     0 | D:1      | 0 ||| qw: Lair rune preference: random
     0 | D:1      | 0 ||| qw: Plans: Normal, Zot:1-4, God:TSO, Crypt, Tomb,
                  | Pan, Slime:5, Hells, Abyss, Orb
     0 | D:1      | 0 ||| PLANNING D:1-11
    67 | D:1      | Found a faded altar of an unknown god.
   256 | D:1      | Reached XP level 2. HP: 15/19 MP: 2/2
   894 | D:1      | 894 ||| UPGRADING to +0 chain mail.
   904 | D:1      | 904 ||| DROPPING +0 scale mail.
   905 | D:1      | 905 ||| UPGRADING to ring of positive energy.
   906 | D:1      | 906 ||| READING scroll labelled IGICKA TODY.
   907 | D:1      | 907 ||| READING scroll labelled UVEVVA HERISU.
   911 | D:1      | 911 ||| DRINKING 2 orange potions.
   912 | D:1      | 912 ||| DROPPING potion of flight.
   986 | D:2      | 986 ||| Stepping ~*~*~tactically~*~*~ (stealth).
   987 | D:2      | 987 ||| Stepping ~*~*~tactically~*~*~ (stealth).
   995 | D:2      | 995 ||| Stepping ~*~*~tactically~*~*~ (stealth).
  1002 | D:2      | 1002 ||| Stepping ~*~*~tactically~*~*~ (stealth).
  1003 | D:2      | 1003 ||| Stepping ~*~*~tactically~*~*~ (stealth).
  1009 | D:2      | Reached skill level 3 in Axes
  1195 | D:2      | Reached skill level 1 in Throwing
  1195 | D:2      | Reached XP level 3. HP: 23/23 MP: 3/3
  1475 | D:2      | Identified the +11 hammer of Ravage {vorpal, Dex+3}
  1476 | D:2      | 1476 ||| Stepping ~*~*~tactically~*~*~ (stealth).
  1495 | D:2      | 1495 ||| DROPPING +0 club.
  1552 | D:2      | Found a runed translucent door.
  1553 | D:2      | Noticed Crazy Yiuf
  1634 | D:2      | 1634 ||| READING scroll labelled TYMMOVAOZE.
  1635 | D:2      | 1635 ||| READING scroll labelled DAULEUTSIH.
  1636 | D:2      | 1636 ||| READING scroll labelled JASITA XYOHEB.
  1792 | D:3      | Found a shimmering blue altar of Sif Muna.
  1823 | D:3      | 1823 ||| Stepping ~*~*~tactically~*~*~ (stealth).
  1830 | D:3      | 1830 ||| Stepping ~*~*~tactically~*~*~ (stealth).
  1890 | D:3      | Noticed Terence
  1891 | D:3      | 1891 ||| Stepping ~*~*~tactically~*~*~ (hiding).
  1902 | D:3      | Killed Terence
  1903 | D:3      | Reached XP level 4. HP: 23/28 MP: 4/4
  2014 | D:3      | Noticed Sigmund
  2030 | D:3      | HP: 2/28 [something/puff of flame (7)]
  2031 | D:3      | Slain by Sigmund

Levels and vault maps discovered:
D:1:      minmay_arrival_glassed_features, layout_basic,
          hellmonk_ecumenical_altar_leap_of_faith, serial_corexii_hall,
          corexii_hall_statues_i, corexii_hall_statues_deadend,
          chequers_hall_statues_y, corexii_hall_statues_i
D:2:      layout_loops_cross, uniq_crazy_yiuf_cottage
D:3:      layout_rooms, overflow_temple_1_default, serial_glass,
          glass_columns_a, glass_columns_c, uniq_terence, uniq_sigmund

Skill      XL: |  1  2 |
---------------+-------+-----
Axes           | 2 3 |  3.7
Throwing       | 1 |  1.0
Fighting       | |  3.2
Armour         | |  3.2
Shields        | |  3.2

Action                   |  1- 3 |  4- 6 || total
-------------------------+-------+-------++-------
Melee: War axe           |    70 |    21 ||    91
Throw: Javelin           |    17 |       ||    17
  Use: Scroll            |     5 |       ||     5
       Potion            |     1 |       ||     1
Armor: Scale mail        |    14 |       ||    14
       Chain mail        |    15 |    10 ||    25
Dodge: Dodged            |    29 |     2 ||    31
Block: Buckler           |    19 |     1 ||    20

Table legend:
 A = Non-vault XP
 B = Vault XP
 C = Vault XP percentage of total XP
 D = Non-vault monster count
 E = Vault monster count
 F = Vault count percentage of total count
                 A         B        C        D         E       F
            +---------+---------+-------+---------+---------+-------
      Total |      71 |      32 |  31.1 |      32 |       1 |   3.0
            +---------+---------+-------+---------+---------+-------
        D:1 |      24 |       0 |   0.0 |      13 |       0 |   0.0
        D:2 |      26 |       0 |   0.0 |      10 |       0 |   0.0
        D:3 |      21 |      32 |  60.4 |       9 |       1 |  10.0
            +---------+---------+-------+---------+---------+-------
